 Dungeon Crawl Stone Soup version 0.28.0-43-g3370ac3207 (webtiles) character file.

Game seed: 6990473111507599942

113 demenzo the Chopper (level 4, -1/41 (42) HPs)
             Began as a Naga Cinder Acolyte on Mar 27, 2022.
             Was a High Priest of Ignis.
             Slain by Edmund
             ... wielding a +2 vorpal dire flail
              (4 damage)
             ... on level 4 of the Dungeon on Mar 28, 2022.
             The game lasted 00:05:13 (3952 turns).

demenzo the Chopper (Naga Cinder Acolyte)           Turns: 3952, Time: 00:05:14

HP:   -1/41 (42)    AC:  6    Str: 16    XL:     4   Next: 96%
MP:   3/7           EV:  9    Int: 16    God:    Ignis [*****.]
Gold: 137           SH:  0    Dex:  7    Spells: 5/7 levels left

rFire   + . .      SeeInvis +   a - +2 short sword (venom)
rCold   . . .      Faith    .   (no shield)
rNeg    . . .      Spirit   .   b - +0 robe
rPois   +          Reflect  .   t - +0 helmet
rElec   .          Harm     .   (no cloak)
rCorr   .          Rampage  .   q - +2 pair of gloves
Will    .....                   (no barding)
Stlth   +.........              (no amulet)
HPRegen 0.13/turn               (no ring)
MPRegen 0.10/turn               (no ring)

@: lightly drained, very slow
A: AC +1, large, see invisible, deformed body, poison resistance, slowness 2,
spit poison 1, naga tail 1
a: Spit Poison, Renounce Religion, Fiery Armour, Foxfire Swarm, Rising Flame


You were on level 4 of the Dungeon.
You worshipped Ignis.
Ignis was extremely pleased with you.
You visited 1 branch of the dungeon, and saw 4 of its levels.

You collected 137 gold pieces.

Inventory:

Hand Weapons
 a - a +2 short sword of venom (weapon)
 n - a -1 hand axe of flaming
 v - a +0 dagger of draining
Missiles
 d - 151 stones
 e - 29 sling bullets
 j - 3 boomerangs
 o - 5 datura-tipped darts
Armour
 b - a +0 robe (worn)
 q - a +2 pair of gloves (worn)
 t - a +0 helmet (worn)
Scrolls
 g - a scroll of torment {unknown}
 i - 2 scrolls of enchant armour {unknown}
 k - a scroll of fog {unknown}
 l - a scroll of amnesia {unknown}
 m - 2 scrolls of teleportation {unknown}
 p - 2 scrolls of noise {unknown}
 s - a scroll of fear {unknown}
 w - a scroll of identify {unknown}
Potions
 c - a potion of curing {unknown}
 f - a potion of attraction {unknown}
 h - 2 potions of heal wounds {unknown}
 r - a potion of cancellation {unknown}
 u - a potion of degeneration {unknown}


   Skills:
 + Level 3.5 Fighting
 * Level 4.1 Axes
 + Level 2.0 Spellcasting
 + Level 3.5 Fire Magic


You had 5 spell levels left.
You knew the following spells:

 Your Spells              Type           Power      Damage    Failure   Level
a - Scorch                Fire           26%        2d6       7%          2

Your spell library contained the following spells:

 Spells                   Type           Power      Damage    Failure   Level
 Shock                    Conj/Air       4%         1d3       21%         1
 Swiftness                Air            1%         N/A       52%         3
 Airstrike                Air            0%         N/A       90%         4


Dungeon Overview and Level Annotations

Branches:
Dungeon (4/15)
 Temple: D:4-7

Altars:

Annotations:
D:4 Edmund


Innate Abilities, Weirdness & Mutations

Your serpentine skin is tough. (AC +1)
You have supernaturally acute eyesight. (SInv)
Armour fits poorly on your strangely shaped body.
Your system is resistant to poisons. (rPois)
You cover ground very slowly.
You can spit poison.
You have a snake-like lower body.


Message History

Edmund the Younger comes into view.
He is wielding a +2 vorpal dire flail.
Edmund shouts!
You hit Edmund but do no damage.
Edmund is poisoned.
Edmund hits you but does no damage.
You hit Edmund but do no damage.
Edmund is lightly wounded.
Edmund hits you with a +2 vorpal dire flail!
Save game and exit?
Level annotation: Edmund Welcome back, demenzo the Naga Cinder Acolyte.
The flames of Ignis gently warm you.
Press ? for a list of commands and other information.
You barely miss Edmund.
Edmund is lightly wounded.
Edmund barely misses you.
Casting: Scorch (safe; 7% risk of failure)
Confirm with . or Enter, or press ? or * to list all spells.
Flames lash Edmund.
Edmund is moderately wounded.
Edmund's fire resistance burns away.
Edmund barely misses you.
Casting: Scorch (safe; 7% risk of failure)
Confirm with . or Enter, or press ? or * to list all spells.
Flames lash Edmund.
Edmund is burned terribly!
Edmund is moderately wounded.
Edmund hits you with a +2 vorpal dire flail!
You hit Edmund.
Edmund looks as sick as possible!
Edmund is heavily wounded.
Edmund barely misses you. Edmund completely misses you.
You barely miss Edmund.
Edmund is heavily wounded.
Edmund hits you with a +2 vorpal dire flail.
You puncture Edmund!
Edmund looks as sick as possible!
Edmund is severely wounded.
Edmund barely misses you.
You closely miss Edmund.
Edmund is almost dead.
Edmund is no longer more vulnerable to fire.
Edmund hits you with a +2 vorpal dire flail!
* * * LOW HITPOINT WARNING * * *
You die...

#
...###..##..#######..######+#.
...+ ...#...................#.
...................#.
##+####.##..##...###.
.###..####.######...#...
....................#...
....................# ..
....................#...
##..##@###..######.# .. #. #@#
#########.###. # ...
#.......#. ..... +.......#.
....... #.......#. .........
#.......#. ######.####
#####..##. .# ######..###
...........


You could see Edmund (extremely poisoned).

Vanquished Creatures
  Robin (D:3)
  4 adders
  A worm (D:4)
  3 dart slugs
  6 ball pythons
  A bat (D:3)
  6 endoplasms
  2 giant cockroaches
  12 goblins
  6 hobgoblins
  2 kobolds (D:4)
  A quokka (D:2)
  5 frilled lizards
  5 rats
55 creatures vanquished.

Vanquished Creatures (others)
  2 fungi (D:1)
  2 plants (D:1)
4 creatures vanquished.

Grand Total: 59 creatures vanquished

Notes
Turn   | Place    | Note
-------+----------+-------------------------------------------
     0 | D:1      | demenzo the Naga Cinder Acolyte began the quest for the
                  | Orb.
     0 | D:1      | Reached XP level 1. HP: 21/21 MP: 2/2
    31 | D:1      | Found a faded altar of an unknown god.
   308 | D:1      | Reached XP level 2. HP: 28/28 MP: 3/3
   337 | D:1      | Learned a level 2 spell: Scorch
  1091 | D:1      | Reached XP level 3. HP: 26/34 MP: 1/5
  2272 | D:2      | Reached XP level 4. HP: 13/35 MP: 6/6
  2466 | D:3      | Noticed Robin
  2953 | D:3      | Reached skill level 4 in Axes
  2969 | D:3      | Killed Robin
  3942 | D:4      | Noticed Edmund
  3952 | D:4      | Slain by Edmund

Illustrated notes

Levels and vault maps discovered:
D:1:      psy_arrival_heroes, layout_loops_ring,
          shapermc_ecumenical_altar_ellora
D:2:      layout_basic, minivault_23
D:3:      layout_basic, uniq_robin
D:4:      layout_gridville, uniq_edmund

Skill      XL: |  1  2  3  4 |
---------------+-------------+-----
Axes           | 4 |  4.1
Spellcasting   | 2 |  2.0
Fighting       | |  3.5
Fire Magic     | |  3.5

Action                   |  1- 3 |  4- 6 || total
-------------------------+-------+-------++-------
Melee: Hand axe          |    92 |       ||    92
       Punch             |     1 |       ||     1
       Dagger            |    15 |    58 ||    73
       Short sword       |       |    13 ||    13
 Cast: Scorch            |     1 |     6 ||     7
Invok: Fiery Armour      |       |     1 ||     1
Armor: Robe              |    18 |    36 ||    54
Dodge: Dodged            |    45 |    66 ||   111
